 Dungeon Crawl Stone Soup version 0.28.0-1-gb440e238dd (webtiles) character file.

Game seed: 811145959688949073

3019 Destapler the Magician (level 9, -6/51 HPs)
             Began as a Deep Elf Earth Elementalist on Feb 19, 2022.
             Mangled by Maggie (10 damage)
             ... on level 8 of the Dungeon.
             The game lasted 00:51:53 (9714 turns).

Destapler the Magician (DEEE)                       Turns: 9714, Time: 00:51:54

Health: -6/51      AC:  2    Str:  5    XL:     9   Next: 55%
Magic:  5/20       EV: 13    Int: 25    God:
Gold:   451        SH:  6    Dex: 15    Spells: 15/20 levels left

rFire   . . .      SeeInvis .   a - +2 short sword (speed)
rCold   . . .      Faith    .   w - +1 buckler
rNeg    . . .      Spirit   .   b - +0 robe
rPois   .          Reflect  .   (no helmet)
rElec   .          Harm     .   (no cloak)
rCorr   .          Rampage  .   (no gloves)
Will    .....                   (no boots)
Stlth   +++.......              D - amulet "Dahov" {RegenMP Fly}
HPRegen 0.17/turn               (no ring)
MPRegen 0.57/turn               (no ring)

@: flying
A: no striking features
a: no special abilities


You were on level 8 of the Dungeon.
You visited 1 branch of the dungeon, and saw 8 of its levels.
You also visited: Ossuary.

You collected 451 gold pieces.

Inventory:

Hand Weapons
 a - a +2 short sword of speed (weapon)
 e - a +0 vampiric quarterstaff
 C - a +2 short sword of freezing
Missiles
 c - 127 stones
 f - 10 boomerangs
 y - a silver boomerang
Armour
 b - a +0 robe (worn)
 w - a +1 buckler (worn)
Jewellery
 u - an amulet of regeneration
 D - the amulet "Dahov" (around neck) {RegenMP Fly}
   (You took it off a wight on level 6 of the Dungeon)

   [amulet of magic regeneration]

   It increases your rate of magic regeneration.
   Fly:       It grants you flight.
 F - a ring of protection from fire
Wands
 g - a wand of digging (6)
 s - a wand of iceblast (21)
 B - a wand of polymorph (14)
Scrolls
 d - 3 scrolls of identify
 h - 5 scrolls of teleportation
 j - a scroll of torment
 m - a scroll of magic mapping
 p - 2 scrolls of blinking
 t - a scroll of amnesia
 G - a scroll of enchant armour
Potions
 i - 3 potions of brilliance {unknown}
 k - a potion of might {unknown}
 l - a potion of flight {unknown}
 n - 3 potions of berserk rage {unknown}
 o - a potion of degeneration {unknown}
 q - 2 potions of ambrosia {unknown}
 r - 4 potions of haste {unknown}
 v - 3 potions of mutation {unknown}
 x - a potion of invisibility
 z - 4 potions of curing {unknown}
 A - 3 potions of magic {unknown}
 H - 2 potions of attraction {unknown}
 I - a potion of heal wounds


   Skills:
 + Level 3.6 Fighting
 - Level 3.0 Short Blades
 + Level 2.1 Staves
 - Level 1.0 Armour
 - Level 4.0 Dodging
 + Level 5.1 Stealth
 - Level 4.0 Shields
 - Level 6.0 Spellcasting
 + Level 4.7 Conjurations
 + Level 4.7 Transmutations
 - Level 4.0 Air Magic
 + Level 4.8 Earth Magic
 - Level 3.0 Evocations


You had 15 spell levels left.
You knew the following spells:

 Your Spells              Type           Power      Damage    Failure   Level
a - Sandblast             Erth           62%        2d14      1%          1
b - Stone Arrow           Conj/Erth      62%        3d10      4%          3
c - Shock                 Conj/Air       100%       1d9       1%          1

Your spell library contained the following spells:

 Spells                   Type           Power      Damage    Failure   Level
 Passwall                 Tmut/Erth      25%        N/A       1%          2
 Static Discharge         Conj/Air       29%        N/A       2%          2
 Corpse Rot               Necr/Air       34%        N/A       6%          2
 Poisonous Vapours        Pois/Air       34%        N/A       6%          2
 Petrify                  Tmut/Erth      31%        N/A       13%         4
 Summon Lightning Spire   Summ/Air       17%        N/A       38%         4
 Chain Lightning          Conj/Air       14%        3d19      100%        9


Dungeon Overview and Level Annotations

Branches:
Dungeon (8/15)             Temple (0/1) D:7         Ossuary (visited)
   Lair: D:8-11

Altars:
Elyvilon

Annotations:
D:8 Maggie


Message History

You are very lightly contaminated with residual magic.
Nothing appears to happen.
Maggie points at you and mumbles some strange words.
The bolt of fire hits you!
The stone arrow hits Maggie.
Maggie is lightly wounded.
Maggie gestures at you while chanting. The bolt of fire hits you!!
Ouch! That really hurt!
* * * LOW HITPOINT WARNING * * *
Maggie gestures wildly while chanting.
Maggie attempts to bespell you!
You are mesmerised by Maggie!
You cannot move away from Maggie!
Unknown command.
You are too injured to fight recklessly!
Aiming: Stone Arrow (dangerous; 4% risk of failure)
Press: ? - help, Q - select action, (/) - cycle Shift-Dir - straight line, f/p - Maggie
Aim: Maggie, wielding a +0 antimagic long sword and wearing +0 acid dragon scales (lightly wounded, mesmerising, 74% to hit)
The stone arrow misses Maggie.
The stone arrow hits the bullfrog!!
The bullfrog is almost dead.
Aiming: Stone Arrow (dangerous; 4% risk of failure)
Press: ? - help, Q - select action, (/) - cycle Shift-Dir - straight line, f/p - Maggie
Aim: Maggie, wielding a +0 antimagic long sword and wearing +0 acid dragon scales (lightly wounded, mesmerising, 74% to hit)
The stone arrow hits Maggie!
Maggie is moderately wounded.
Aiming: Stone Arrow (dangerous; 4% risk of failure)
Press: ? - help, Q - select action, (/) - cycle Shift-Dir - straight line, f/p - Maggie
Aim: Maggie, wielding a +0 antimagic long sword and wearing +0 acid dragon scales (moderately wounded, mesmerising, 74% to hit)
The stone arrow hits Maggie!
Maggie is heavily wounded.
Maggie hits you with a +0 antimagic long sword!
* * * LOW HITPOINT WARNING * * *
You feel your power leaking away.
Your magical effects are unravelling.
You feel magically purged.
Your magical contamination has completely faded away.
You break out of your daze.
Maggie hits you with a +0 antimagic long sword!
You die...

#.# #.# #.#
###############.#
#.............#.#
#.............#.#
#.............#F#
#.............#@#
#.............#@############
#.............#............#
########..........########.#
.......'..........'..># #.#
#########..........##### #.#
# #..........'.# #.#
#########..........#.# #.#
#.....#.'..........#.# #.#
#.###.#.#..........#.# #.#


You could see Maggie and a bullfrog.

Vanquished Creatures
  A hornet (D:7)
  2 wyverns
  A water moccasin (D:6)
  An orc warrior (D:7)
  2 sky beasts (D:5)
  5 ogres
  2 centaurs (D:7)
  A phantom (D:5)
  2 elf zombies (Ossuary)
  A bullfrog (D:8)
  2 scorpions
  A water moccasin zombie (D:5)
  A wyvern skeleton (D:7)
  A water moccasin skeleton (D:6)
  3 wights
  A bullfrog zombie (D:6)
  2 orc priests
  2 centaur zombies
  2 human zombies (Ossuary)
  5 hounds
  2 jellies
  A centaur skeleton (D:5)
  6 iguanas
  An orc wizard (D:3)
  A hound zombie (Ossuary)
  3 mummies (Ossuary)
  6 gnolls
  5 adders
  A white imp (D:7)
  An adder zombie (Ossuary)
  An adder skeleton (D:5)
  5 worms
  4 dart slugs (D:1)
  21 orcs
  9 ball pythons
  5 endoplasms
  6 giant cockroaches
  7 hobgoblins
  6 jackals
  7 kobolds
  3 quokkas
  4 bats
  2 frilled lizards (D:2)
  2 gnoll zombies (Ossuary)
  5 goblins
  6 goblin zombies (Ossuary)
  2 hobgoblin zombies (Ossuary)
  4 jackal zombies (Ossuary)
  3 kobold zombies (Ossuary)
  2 orc zombies (Ossuary)
  3 quokka zombies (Ossuary)
  3 rats
  5 rat zombies (Ossuary)
180 creatures vanquished.

Notes
Turn   | Place    | Note
-------+----------+-------------------------------------------
     0 | D:1      | Destapler the Deep Elf Earth Elementalist began the quest
                  | for the Orb.
     0 | D:1      | Reached XP level 1. HP: 10/10 MP: 6/6
   229 | D:1      | Reached XP level 2. HP: 14/15 MP: 6/8
   801 | D:1      | Reached XP level 3. HP: 12/20 MP: 6/9
   806 | D:1      | Learned a level 3 spell: Stone Arrow
  1352 | D:2      | Found a white marble altar of Elyvilon.
  1732 | D:2      | Found a faded altar of an unknown god.
  1829 | D:2      | Identified the +0 ring mail of Elyvilon's Whim {Stlth+}
  2950 | D:3      | You fall into a shaft and drop 2 floors!
  2950 | D:5      | Entered Level 5 of the Dungeon
  2950 | D:5      | Noticed a sky beast
  3126 | D:4      | Found a sand-covered staircase.
  3133 | Ossuary  | Entered an ossuary
  3352 | Ossuary  | Reached XP level 4. HP: 24/24 MP: 8/11
  3433 | Ossuary  | Reached skill level 1 in Fighting
  3674 | Ossuary  | Reached skill level 4 in Spellcasting
  3756 | Ossuary  | Reached skill level 1 in Conjurations
  3756 | Ossuary  | Reached XP level 5. HP: 19/29 MP: 9/13
  4568 | Ossuary  | Reached XP level 6. HP: 35/35 MP: 11/14
  5179 | D:4      | Got the Volume of Feathers
  5182 | D:4      | Learned a level 1 spell: Shock
  5194 | D:4      | Reached skill level 5 in Spellcasting
  5194 | D:4      | Reached skill level 1 in Evocations
  5280 | D:4      | Reached XP level 7. HP: 40/40 MP: 14/16
  5724 | D:3      | Reached skill level 1 in Armour
  5994 | D:5      | Reached skill level 1 in Shields
  5994 | D:5      | Reached skill level 1 in Air Magic
  6533 | D:5      | Reached XP level 8. HP: 41/44 MP: 12/17
  6711 | D:5      | Reached skill level 1 in Short Blades
  7460 | D:6      | Reached skill level 6 in Spellcasting
  7775 | D:6      | Identified the amulet "Dahov" {RegenMP Fly}
  7777 | D:6      | Reached XP level 9. HP: 50/50 MP: 15/20
  8379 | D:7      | Reached skill level 1 in Staves
  8685 | D:7      | Found a staircase to the Ecumenical Temple.
  9440 | D:8      | Reached skill level 5 in Stealth
  9663 | D:8      | Noticed Maggie
  9714 | D:8      | Mangled by Maggie

Illustrated notes

Levels and vault maps discovered:
D:1:      eino_arrival_water_star, layout_loops_ring
D:2:      layout_rooms, hellmonk_ecumenical_altar_crossroads, basic_altar,
          minmay_box_of_dots
D:3:      layout_rooms
D:4:      layout_loops_cross, enter_ossuary_1, serial_glass, glass_columns_c,
          glass_columns_a, nicolae_wormholes
D:5:      layout_rooms
D:6:      layout_loops_ring, sigmund_army
D:7:      layout_loops_ring, minmay_temple_entry_junction
D:8:      layout_basic, uniq_maggie

Skill      XL: |  1  2  3  4  5  6  7  8  9 |
---------------+----------------------------+-----
Stealth        | 3 4 5 |  5.1
Dodging        | 3 4 |  4.0
Fighting       | 1 2 3 |  3.6
Transmutations | 2 3 4 |  4.7
Spellcasting   | 4 5 6 |  6.0
Conjurations   | 1 2 3 4 |  4.7
Earth Magic    | 4 |  4.8
Evocations     | 1 2 3 |  3.0
Armour         | 1 |  1.0
Shields        | 2 4 |  4.0
Air Magic      | 2 3 4 |  4.0
Short Blades   | 2 3 |  3.0
Staves         | 2 |  2.1

Action                   |  1- 3 |  4- 6 |  7- 9 || total
-------------------------+-------+-------+-------++-------
Melee: Falchion          |     8 |       |       ||     8
       Quarterstaff      |    75 |     6 |       ||    81
       Short sword       |       |   139 |   110 ||   249
       Punch             |       |     2 |       ||     2
 Cast: Sandblast         |    40 |    60 |    67 ||   167
       Stone Arrow       |     1 |     2 |    58 ||    61
       Shock             |       |       |     8 ||     8
  Use: Scroll            |     3 |       |     8 ||    11
       Potion            |     2 |       |     2 ||     4
 Stab: Sleeping          |    17 |     9 |    12 ||    38
Armor: Robe              |    11 |     7 |     9 ||    27
Dodge: Dodged            |    71 |    64 |    83 ||   218
Block: Buckler           |       |       |    17 ||    17
